 Dungeon Crawl Stone Soup version 0.19.5 (webtiles) character file.

3283 Jumperg the Archer (level 9, -3/75 HPs)
             Began as a Centaur Hunter on May 26, 2017.
             Was an Elder of Okawaru.
             Killed from afar by Psyche (9 damage)
             ... with a magic dart
             ... on level 8 of the Dungeon.
             The game lasted 01:32:17 (8152 turns).

Jumperg the Archer (Centaur Hunter)                 Turns: 8152, Time: 01:32:17

Health: -3/75      AC:  4    Str: 17    XL:     9   Next: 69%
Magic:  22/22      EV: 17    Int: 10    God:    Okawaru [****..]
Gold:   342        SH:  0    Dex: 16    Spells: 2 memorised, 10 levels left

rFire  . . .     SeeInvis .     a - +1 shortbow
rCold  . . .     Gourm    .     G - +0 leather armour (curse)
rNeg   . . .     Faith    .     (shield currently unavailable)
rPois  .         Spirit   .     (no helmet)
rElec  .         Reflect  .     (no cloak)
rCorr  .         Harm     .     (no gloves)
MR     .....                    (no barding)
Stlth  ++........               y - amulet of magic regeneration (curse)
                                J - ring of wizardry
                                l - ring of magical power

@: agile, lethally poisoned (-3 -> -4), drained, very quick
A: hooves 3, deformed body, speed 2, tough skin 3
a: Heroism, Renounce Religion


You were on level 8 of the Dungeon.
You worshipped Okawaru.
Okawaru was greatly pleased with you.
You were hungry.

You visited 2 branches of the dungeon, and saw 9 of its levels.

You collected 342 gold pieces.

Inventory:

Hand Weapons
 a - a +1 shortbow (weapon)
 b - a +2 whip of flaming
 e - a +2 mace of protection
 t - a +1 rapier of venom
 w - a +0 hunting sling
Missiles
 d - 65 arrows (quivered)
 k - 21 poisoned needles
 m - 223 stones
 o - 30 sling bullets
 s - 50 bolts
 v - 9 tomahawks
Armour
 G - a cursed +0 leather armour (worn)
Jewellery
 l - a ring of magical power (left hand)
 y - a cursed amulet of magic regeneration (around neck)
 J - a ring of wizardry (right hand)
 M - a cursed amulet of inaccuracy {unknown}
Wands
 E - a wand of heal wounds (5/9)
Scrolls
 h - 2 scrolls of enchant weapon {unknown}
 j - a scroll of identify
 n - a scroll of fog
 p - 4 scrolls of magic mapping
 u - 2 scrolls of remove curse
 A - 2 scrolls of recharging {unknown}
 K - a scroll of enchant armour {unknown}
 L - a scroll of fear {unknown}
 N - a scroll of teleportation {unknown}
 O - a scroll of summoning {unknown}
Potions
 i - a potion of might
 q - 3 potions of agility
 r - a potion of cure mutation {unknown}
 x - 3 potions of berserk rage
 z - 2 potions of ambrosia {unknown}
 B - 3 potions of curing
 D - 3 potions of mutation {unknown}
 F - a potion of invisibility
 H - a potion of flight {unknown}
 I - a potion of lignification {unknown}
Books
 C - a book of Minor Magic

   Spells                             Type                      Level
   a - Magic Dart                     Conjuration                  1
   b - Blink                          Translocation                2
   c - Call Imp                       Summoning                    2
   d - Repel Missiles                 Charms/Air                   2
   e - Slow                           Hexes                        2
   f - Conjure Flame                  Conjuration/Fire             3
   g - Mephitic Cloud                 Conjuration/Poison/Air       3
Comestibles
 c - 2 royal jellies
 f - 5 bread rations
 g - 3 meat rations
 P - a slice of pizza


   Skills:
 - Level 6.0(5.4) Fighting
 + Level 10.9(10.3) Bows
 - Level 5.0(4.5) Dodging
 - Level 0.4(0.0) Stealth
 + Level 3.0(2.5) Spellcasting
 + Level 2.2(1.8) Charms
 - Level 4.0(3.5) Translocations
 - Level 3.4(2.9) Invocations


You had 10 spell levels left.
You knew the following spells:

 Your Spells              Type           Power        Failure   Level  Hunger
a - Blink                 Tloc           N/A          6%          2    ###....
b - Repel Missiles        Chrm/Air       #.....       16%         2    ###....


Dungeon Overview and Level Annotations

Branches:
Dungeon (8/15)             Temple (1/1) D:4
   Lair: D:8-11

Altars:
Ashenzari
Cheibriados
Dithmenos
Elyvilon
Fedhas
Gozag
Hepliaklqana
Kikubaaqudgha
Makhleb
Nemelex Xobeh
Okawaru
Qazlal
Ru
Sif Muna
Trog
Uskayaw
Vehumet
Xom
Yredelemnul
Zin
The Shining One

Annotations:
D:6 quik's ghost, novice TeVM
D:8 Psyche


Innate Abilities, Weirdness & Mutations

You have hooves in place of feet.
Armour fits poorly on your strangely shaped body.
You cover ground very quickly.
You have extremely tough skin. (AC +3)


Message History

Aim: Psyche, wielding a dagger of chaos and wearing a runed robe (moderately wounded, fast)
You shoot an arrow. The arrow barely misses Psyche.
Psyche barely misses you.
You feel sick.
There is a stone staircase leading up here.
Psyche casts a cantrip, but nothing happens.
You feel sick.
Psyche looks braver for a moment.
Psyche giggles crazily.
You feel sick. Psyche misses you. Psyche casts a spell at you.
The puff of frost hits you!
* * * LOW HITPOINT WARNING * * *
You feel sick. Psyche hits you but does no damage.
You feel sick.
Psyche laughs secretively.
Psyche points at you and mumbles some strange words.
The magic dart hits you!
You die...

#. #. #o #. #.
############
#....@.@...#(.
#.#######...(#
#.# ##.....#
#.# ......#
#.# ..(..# #.#
... # #.# #.#
#.# #F# #.#
#.#.#


You could see Psyche.

Vanquished Creatures
  Pikel (D:4)
  2 hippogriffs
  Menkaure (D:5)
  Duvessa (D:6)
  An ice beast (D:6)
  A sky beast (D:6)
  An orc warrior (D:7)
  2 black bears
  A necrophage (D:5)
  4 centaurs
  2 ogres
  3 bullfrogs
  Dowan (D:6)
  A scorpion (D:8)
  2 howler monkeys
  A centaur zombie (D:5)
  A crimson imp (D:7)
  2 hounds (D:4)
  A bullfrog zombie (D:5)
  4 orc wizards
  3 orc priests
  A bullfrog skeleton (D:5)
  An iguana (D:5)
  8 worker ants
  A howler monkey zombie (D:6)
  3 gnolls (D:6)
  9 adders
  2 shadow imps
  2 oozes
  An adder skeleton (D:7)
  2 worms
  4 leopard geckos
  11 orcs
  10 bats
  3 giant cockroaches
  7 goblins
  3 hobgoblins
  7 jackals
  7 kobolds
  4 quokkas
  3 ball pythons
  4 frilled lizards
  A leopard gecko zombie (D:6)
  A quokka zombie (D:6)
  8 rats
139 creatures vanquished.

Vanquished Creatures (others)
  An orc (D:4)
1 creature vanquished.

Grand Total: 140 creatures vanquished

Notes
Turn   | Place    | Note
-------+----------+-------------------------------------------
     0 | D:1      | Jumperg the Centaur Hunter began the quest for the Orb.
     0 | D:1      | Reached XP level 1. HP: 17/17 MP: 1/1
   337 | D:1      | Reached XP level 2. HP: 25/25 MP: 2/2
   922 | D:2      | Reached XP level 3. HP: 30/30 MP: 3/3
  1104 | D:2      | Found a sparkling altar of Nemelex Xobeh.
  1814 | D:3      | Reached skill level 6 in Bows
  1824 | D:3      | Reached XP level 4. HP: 37/37 MP: 4/4
  2848 | D:4      | Reached XP level 5. HP: 45/45 MP: 5/5
  2889 | D:4      | Found a staircase to the Ecumenical Temple.
  2897 | Temple   | Entered the Ecumenical Temple
  3039 | Temple   | Became a worshipper of Warmaster Okawaru
  3171 | D:4      | Noticed a slave
  3219 | D:4      | Noticed Pikel
  3219 | D:4      | Noticed a slave
  3243 | D:4      | Noticed a slave
  3292 | D:4      | Noticed a slave
  3346 | D:4      | Killed Pikel
  3346 | D:4      | Reached * piety under Okawaru
  3346 | D:4      | Reached ** piety under Okawaru
  3346 | D:4      | Reached skill level 7 in Bows
  3346 | D:4      | Reached XP level 6. HP: 15/52 MP: 6/6
  3346 | D:4      | Reached XP level 7. HP: 17/59 MP: 7/7
  3827 | D:5      | Entered Level 5 of the Dungeon
  3971 | D:5      | Reached skill level 8 in Bows
  4147 | D:5      | Reached *** piety under Okawaru
  4187 | D:5      | Noticed Menkaure
  4210 | D:5      | Killed Menkaure
  4210 | D:5      | Reached skill level 5 in Dodging
  4210 | D:5      | Reached XP level 8. HP: 67/67 MP: 8/8
  4464 | D:5      | Reached skill level 5 in Fighting
  4476 | D:5      | Reached skill level 1 in Invocations
  5515 | D:6      | Reached skill level 9 in Bows
  5595 | D:6      | Noticed Duvessa
  5595 | D:6      | Noticed Dowan
  5637 | D:6      | Killed Duvessa
  5832 | D:6      | Learned a level 2 spell: Blink
  5903 | D:6      | Killed Dowan
  5965 | D:6      | Reached skill level 1 in Translocations
  5998 | D:6      | Reached skill level 1 in Spellcasting
  6204 | D:6      | Reached XP level 9. HP: 32/75 MP: 11/11
  6253 | D:6      | Reached **** piety under Okawaru
  6335 | D:6      | Noticed quik's ghost (novice TeVM)
  6390 | D:6      | Reached skill level 10 in Bows
  6443 | D:6      | Found an opulent altar of Gozag.
  7194 | D:7      | Learned a level 2 spell: Repel Missiles
  7571 | D:7      | Reached skill level 1 in Charms
  8105 | D:8      | Noticed Psyche
  8152 | D:8      | Killed from afar by Psyche

Skill      XL: |  1  2  3  4  5  6  7  8  9 |
---------------+----------------------------+-----
Dodging        | 2 4 5 |  5.0
Bows           | 6 7 8 9 10 | 10.9
Fighting       | 3 4 6 |  6.0
Invocations    | 3 |  3.4
Translocations | 2 4 |  4.0
Spellcasting   | 1 3 |  3.0
Charms         | 2 |  2.2
Stealth        | |  0.4

Action                   |  1- 3 |  4- 6 |  7- 9 || total
-------------------------+-------+-------+-------++-------
Melee: Short sword       |    46 |       |       ||    46
       Kick              |    10 |     7 |    38 ||    55
       Rapier            |    25 |    59 |    35 ||   119
       Whip              |       |       |   110 ||   110
 Fire: Shortbow          |    43 |    52 |   265 ||   360
Throw: Stone             |    10 |     2 |     1 ||    13
       Tomahawk          |       |       |     1 ||     1
  Use: Scroll            |       |     4 |     6 ||    10
       Potion            |       |       |     1 ||     1
  Eat: Chunk             |     1 |     4 |    10 ||    15
       Beef jerky        |       |       |     1 ||     1
Armor: Leather armour    |    21 |    16 |    39 ||    76
Dodge: Dodged            |    46 |    27 |   102 ||   175
